 Dungeon Crawl Stone Soup version 0.32-a0-484-g2eb335deba (webtiles) character file.

Game seed: 18124652377765790729

25 mopl the Sneak (level 3, -1/16 HPs)
             Began as a Vine Stalker Enchanter on Feb 26, 2024.
             Slain by a cerulean imp
             ... wielding a +0 spear
             ... summoned by Natasha
              (3 damage)
             ... on level 2 of the Dungeon.
             The game lasted 00:01:26 (812 turns).

mopl the Sneak (Vine Stalker Enchanter)              Turns: 812, Time: 00:01:27

Health: -1/16      AC:  2    Str: 10    XL:     3   Next: 6%
Magic:  0/7        EV: 12    Int: 17    God:
Gold:   36         SH:  0    Dex: 14    Spells: 2/7 levels left

rFire   . . .        a - +1 dagger (speed)
rCold   . . .        (no shield)
rNeg    . . .        b - +0 robe
rPois   .            (no helmet)
rElec   .            (no cloak)
rCorr   .            (no gloves)
SInv    +            (no boots)
Will    .....        (no amulet)
Stlth   +++          f - ring of see invisible
HPRegen 1.02/turn    (no ring)
MPRegen 0.10/turn

%: guardian spirit
@: no status effects
A: fangs 2, regeneration 1, magic shield, antimagic bite, no potion heal 2
a: no special abilities


You were on level 2 of the Dungeon.
You visited 1 branch of the dungeon, and saw 2 of its levels.

You collected 64 gold pieces.
You spent 28 gold pieces at shops.

Inventory:

Hand Weapons
 a - a +1 dagger of speed (weapon)
 h - a +1 dagger
Armour
 b - a +0 robe (worn)
Jewellery
 f - a ring of see invisible (left hand)
Scrolls
 d - a scroll of identify
 e - a scroll of blinking {unknown}
 g - a scroll of enchant weapon {unknown}
 l - a scroll of fear {unknown}
Potions
 c - 3 potions of invisibility
 i - a potion of curing
 j - a potion of enlightenment
 k - a potion of mutation {unknown}


   Skills:
 + Level 1.2 Short Blades
 - Level 1.5 Dodging
 * Level 4.1 Stealth
 * Level 2.6 Spellcasting
 * Level 3.3 Hexes


You had 2 spell levels left.
You knew the following spells:

 Your Spells              Type           Power      Damage    Failure   Level
b - Ensorcelled Hibernat  Hex/Ice        14%        N/A       14%         2
c - Confusing Touch       Hex            13%        N/A       14%         3

Your spell library contained the following spells:

 Spells                   Type           Power      Damage    Failure   Level
 Tukima's Dance           Hex            13%        N/A       14%         3
 Dazzling Flash           Conj/Hex       14%        N/A       26%         3


Dungeon Overview and Level Annotations

Branches:
Dungeon (2/15)

Altars:

Shops:
D:1 ?

Annotations:
D:2 Natasha


Innate Abilities, Weirdness & Mutations

You have extremely sharp teeth.
Your natural rate of healing is unusually fast.
When hurt, damage is shared between your health and your magic reserves.
Your bite disrupts and absorbs the magic of your enemies.
Potions cannot restore your health.


Message History

You can access your shopping list by pressing '$'.
You now have 36 gold pieces (gained 12).
A malevolent force fills the Dungeon... and a teleportation trap spontaneously manifests!
You are yanked towards some nearby monsters!
Your surroundings suddenly seem different.
Natasha and a goblin come into view.
Found a stone staircase leading down.
There are monsters nearby!
The goblin shouts!
Natasha hisses angrily.
You hit the goblin. Your bite misses the goblin.
The goblin is heavily wounded.
Natasha mumbles some strange words.
You hit the goblin.
You kill the goblin!
Natasha completely misses you.
Things that are here:
a +0 dagger; a goblin corpse You hit Natasha.
Your bite misses Natasha.
Natasha is moderately wounded.
The cerulean imp hits you from afar with a +0 spear.
You hit Natasha.
Natasha is heavily wounded.
Natasha claws you!
The cerulean imp hits you from afar with a +0 spear.
You hit Natasha but do no damage. Your bite misses Natasha.
Natasha is heavily wounded.
Natasha claws you!
* * * LOW HITPOINT WARNING * * *
You are too injured to fight recklessly!
You are too injured to fight recklessly!
You closely miss Natasha.
Natasha is heavily wounded.
The cerulean imp hits you from afar with a +0 spear.
* * * LOW HITPOINT WARNING * * *
You hit Natasha but do no damage.
Natasha is heavily wounded.
Natasha barely misses you.
The cerulean imp hits you from afar with a +0 spear.
You die...

#############
......#.....#
............#
............#
............###
#####.#.......#
......>...@h.+
...#.#......5#
...
#.............
..
###........###
. #..........
#...........
...
#.###....####
... .. #....+
.#


You could see Natasha and a cerulean imp (summoned).

Vanquished Creatures
  A dart slug (D:1)
  3 ball pythons (D:1)
  An endoplasm (D:1)
  A giant cockroach (D:1)
  3 goblins
  3 hobgoblins (D:1)
  A quokka (D:1)
  2 bats
  A frilled lizard (D:2)
  2 kobolds (D:1)
  7 rats
25 creatures vanquished.

Notes
Turn   | Place    | Note
-------+----------+-------------------------------------------
     0 | D:1      | mopl the Vine Stalker Enchanter began the quest for the
                  | Orb.
     0 | D:1      | Reached XP level 1. HP: 9/9 MP: 4/4
    41 | D:1      | Found Loefras's Magic Scroll Shop.
   142 | D:1      | Reached skill level 1 in Short Blades
   166 | D:1      | Reached XP level 2. HP: 13/13 MP: 4/6
   172 | D:1      | Learned a level 2 spell: Ensorcelled Hibernation
   423 | D:1      | Reached skill level 4 in Stealth
   671 | D:1      | Bought a scroll of identify for 28 gold pieces
   741 | D:2      | Reached XP level 3. HP: 16/16 MP: 7/7
   772 | D:2      | Learned a level 3 spell: Confusing Touch
   801 | D:2      | Noticed Natasha
   812 | D:2      | Slain by a cerulean imp

Illustrated notes

Levels and vault maps discovered:
D:1:      minmay_arrival_loop, layout_basic, serial_shops, shop,
          kennysheep_another_room
D:2:      layout_basic, nicolae_the_louvre, uniq_natasha

Skill      XL: |  1  2 |
---------------+-------+-----
Short Blades   | 1 |  1.2
Stealth        | 4 |  4.1
Dodging        | |  1.5
Spellcasting   | |  2.6
Hexes          | |  3.3

Action                     || total
---------------------------++-------
  Melee: Dagger            ||    56
         Bite              ||    13
    Use: Scroll            ||     2
   Stab: Sleeping          ||     9
 Armour: Robe              ||    23
  Dodge: Dodged            ||    33

Table legend: (Time is in decaauts)
 A = Elapsed time spent in this place.
 B = Non-inter-level travel time spent in this place.
 C = Inter-level travel time spent in this place.
 D = Time resting spent in this place.
 E = Time spent auto-exploring this place.
 F = Levels seen in this place.
 G = Mean time per level.
                   A        B        C        D        E       F      G
               +--------+--------+--------+--------+--------+-----+--------+
         Total |    802 |    751 |     51 |      0 |    567 |   2 |  401.0 |
       Dungeon |    802 |    751 |     51 |      0 |    567 |   2 |  401.0 |
               +--------+--------+--------+--------+--------+-----+--------+

Top non-repeatable levels by time:
     D:1: 682 daAuts
     D:2: 120 daAuts
